 Dungeon Crawl Stone Soup version 0.32-a0-427-g448f42529f (webtiles) character file.

Game seed: 17553253883063807774

375556 hunmd the Slayer (level 22, -8/193 (209) HPs)
             Began as a Coglin Gladiator on Feb 21, 2024.
             Was the Champion of Ru.
             Mangled by Amauri's ghost (20 damage)
             ... on level 1 of the Crypt on Feb 22, 2024.
             The game lasted 02:00:54 (39729 turns).

hunmd the Slayer (Coglin Gladiator)                Turns: 39729, Time: 02:00:55

HP:   -8/193 (209)  AC: 31    Str: 16    XL:     22   Next: 39%
MP:   19/22         EV: 26    Int: 12    God:    Ru [******]
Gold: 1689          SH:  0    Dex: 22    Spells: 21/21 levels left

rFire   + + .        y - +2 scimitar (flame) {Septimus}
rCold   x . .        c - +8 double sword (freeze) {Tejnoor}
rNeg    . . .        G - +8 fire dragon scales
rPois   .            X - +1 helmet {Int+3}
rElec   .            H - +2 cloak
rCorr   .            p - +1 pair of gloves
SInv    .            L - +0 pair of boots {rampage}
Will    .....        T - amulet of regeneration Stlth
                     o - +4 ring of slaying
HPRegen 1.32/turn    U - +5 ring of evasion
MPRegen 0.18/turn

%: rampage
@: lethally poisoned (-8 -> -17), exhausted, silenced, very slightly
contaminated, drained
A: weak 1, inability to drink after injury 2, no stealth, hated by all, no earth
magic, no hexes magic, no translocations magic, weak-willed 1, off-hand
wielding, slow wielding, warmup strikes, legs shutdown
}: 3/15 runes: decaying, serpentine, abyssal
a: Renounce Religion


You were on level 1 of the Crypt.
You worshipped Ru.
Ru was exalted by your worship.
You visited 8 branches of the dungeon, and saw 37 of its levels.
You visited the Abyss 1 time.
You also visited: Sewer and Ice Cave.

You collected 5526 gold pieces.
You spent 3837 gold pieces at shops.

Inventory:

Hand Weapons
 c - a +8 double sword of freezing (offhand) {Tejnoor}
 y - a +2 scimitar of flaming (weapon) {Septimus}
Missiles
 d - 3 throwing nets (quivered)
 e - 15 javelins
Armour
 p - a +1 pair of gloves (worn)
 G - +8 fire dragon scales (worn)
 H - a +2 cloak (worn)
 L - a +0 pair of boots of rampaging (worn)
 X - a +1 helmet of intelligence (worn)
Jewellery
 h - the ring "Taag" {rElec rF+}
   (You took it off an orc high priest on level 1 of the Orcish Mines)

   [ring of protection from fire]

   rF+:       It protects you from fire.
   rElec:     It insulates you from electricity.
 n - the ring of Tuist {rF++ rC+ Will+ rCorr Int-3}
   (You took it off a deep elf demonologist on level 3 of the Elven Halls)

   [ring of protection from cold]

   Int-3:     It affects your intelligence (-3).
   rF++:      It greatly protects you from fire.
   rC+:       It protects you from cold.
   Will+:     It increases your willpower.
   rCorr:     It protects you from acid and corrosion.
 o - a +4 ring of slaying (left grasper)
 r - a ring of willpower
 t - a ring of magical power
 T - an amulet of regeneration (around neck)
 U - a +5 ring of evasion (right grasper)
Talismans
 w - a talisman of death
Wands
 B - a wand of flame (32)
 C - a wand of iceblast (11)
 N - a wand of digging (10)
 O - a wand of quicksilver (41)
 Y - a wand of polymorph (5)
Scrolls
 j - 13 scrolls of identify
 u - 4 scrolls of vulnerability
 x - 2 scrolls of brand weapon
 z - 5 scrolls of enchant armour
 I - 4 scrolls of fear
 M - 11 scrolls of fog
 Q - 4 scrolls of amnesia
 R - 10 scrolls of teleportation
 S - 5 scrolls of revelation
Potions
 a - 4 potions of cancellation
 b - 7 potions of might
 f - 10 potions of curing
 g - 5 potions of attraction
 i - 5 potions of degeneration
 l - 3 potions of berserk rage
 m - 5 potions of brilliance
 q - 2 potions of haste
 s - 2 potions of heal wounds
 D - 4 potions of lignification
 J - 5 potions of enlightenment
 K - 2 potions of invisibility
 P - 6 potions of mutation
 Z - 3 potions of magic
Miscellaneous
 v - a lightning rod (4/4)
 F - a phial of floods
 V - a tin of tremorstones (2/2)


   Skills:
 * Level 26.2 Fighting
 - Level 18.0 Long Blades
 - Level 1.7 Throwing
 - Level 13.2 Armour
 - Level 18.0 Dodging


You had 21 spell levels left.
You didn't know any spells.
Your spell library contained the following spells:

 Spells                   Type           Power      Damage    Failure   Level
 Magic Dart               Conj           0%         1d3       71%         1
 Mercury Vapours          Alch/Air       0%         N/A       85%         2
 Sublimation of Blood     Necr           0%         N/A       85%         2
 Fugue of the Fallen      Necr           0%         N/A       97%         3
 Mephitic Cloud           Conj/Alch/Air  0%         N/A       97%         3
 Fulminant Prism          Conj/Alch      0%         3d5       100%        4
 Fireball                 Conj/Fire      0%         3d3       100%        5
 Freezing Cloud           Conj/Ice/Air   0%         6-21      100%        5
 Iskenderun's Battlesphe  Conj           0%         2d6       100%        5
 Conjure Ball Lightning   Conj/Air       0%         3x3d6     100%        6
 Orb of Destruction       Conj           0%         9d5       100%        7
 Ozocubu's Refrigeration  Ice            0%         4d7       100%        7
 Polar Vortex             Ice            0%         N/A       100%        9
 Blink                    Tloc           Unusable   N/A       N/A         2
 Call Imp                 Summ           Unusable   N/A       N/A         2
 Ensorcelled Hibernation  Hex/Ice        Unusable   N/A       N/A         2
 Volatile Blastmotes      Fire/Tloc      Unusable   2d10      N/A         3
 Anguish                  Hex/Necr       Unusable   N/A       N/A         4
 Brom's Barrelling Bould  Conj/Erth      Unusable   2d3       N/A         4
 Iskenderun's Mystic Bla  Conj/Tloc      Unusable   2d3       N/A         4
 Metabolic Englaciation   Hex/Ice        Unusable   N/A       N/A         5
 Sculpt Simulacrum        Ice/Alch       Unusable   N/A       N/A         6
 Spellforged Servitor     Conj/Summ      Unusable   N/A       N/A         7
 Summon Hydra             Summ           Unusable   N/A       N/A         7

Dungeon Overview and Level Annotations

Branches:
Dungeon (15/15)            Temple (0/1) D:7            Lair (5/5) D:8
  Swamp (4/4) Lair:3        Snake (4/4) Lair:2        Slime (0/5) Lair:5
    Orc (2/2) D:11            Elf (3/3) Orc:2        Vaults (3/5) D:13
  Crypt (1/3) Vaults:3     Depths (0/4) D:15          Sewer (visited)
  IceCv (visited)

Altars:
Cheibriados
Kikubaaqudgha
Makhleb
Nemelex Xobeh
Qazlal
Ru
Trog
Vehumet
Xom
The Shining One

Shops:
D:3 (   D:7 *[   D:11 ([   D:12 *   Orc:1 !   Orc:2 *[   Snake:2 *:=:
Snake:4 *   Vaults:1 [   Vaults:2 *

Annotations:
D:7 1 runed translucent door, voshxx's ghost, novice MDFE
Crypt:1 Amauri's ghost, veteran OnAl


Innate Abilities, Weirdness & Mutations

You are weak. (Str -2)
You sometimes lose the ability to drink potions when taking damage.
You cannot be stealthy.
You are hated by all.
You cannot study or cast Earth magic.
You cannot study or cast Hexes magic.
You cannot study or cast Translocations magic.
You are slightly weak-willed. (Will-)
You can wield a second weapon in your off-hand.
It takes a long time for you to wield or remove held weapons.
Your first few attacks do less damage.
Attacking and casting redirects power from your legs.


Message History

* * * LOW HITPOINT WARNING * * *
You are poisoned.
You feel very sick.
You feel better.
* * * LOW HITPOINT WARNING * * *
You are poisoned.
You barely miss Amauri's ghost with your +8 double sword of freezing.
Amauri's ghost is severely damaged.
You slash Amauri's ghost with your +2 scimitar of flaming!
You burn Amauri's ghost.
You feel very sick.
* * * LOW HITPOINT WARNING * * *
You are more poisoned.
Amauri's ghost gestures at you while chanting.
The freezing blast misses you.
As you read the scroll of silence, it crumbles to dust.
A profound silence engulfs you.
You are engulfed in freezing vapours.
* * * LOW HITPOINT WARNING * * *
You are no longer unable to travel.
You feel extremely sick.
* * * LOW HITPOINT WARNING * * *
You are lethally poisoned!
Amauri's ghost is engulfed in freezing vapours.
Amauri's ghost hits you but does no damage.
You feel better.
You are engulfed in freezing vapours.
* * * LOW HITPOINT WARNING * * *
x2 You are poisoned.
Amauri's ghost is engulfed in freezing vapours.
Amauri's ghost hits you.
* * * LOW HITPOINT WARNING * * *
You are engulfed in freezing vapours.
You feel very sick.
* * * LOW HITPOINT WARNING * * *
You are more poisoned.
Amauri's ghost is engulfed in freezing vapours.
Amauri's ghost attacks as it pursues you!
Amauri's ghost hits you but does no damage.
You are electrocuted!!
You die...
Ru respects your ultimate sacrifice.

.....#.######.# #.##.#
....§.........# #....#
#......######## #....# #......#
#.#....# #......# #.#....##
#...##.### ##########.#.....#
........#)##..○☼○○..#.#.#...###
.#####.##..#..##W○..#.#.#.....#
.##....#"?.#..##@○☼.#.#.##....#
.##...###⌠.°○°#°.##.#....#....#
###...#[)_.°°...###.#....#.####
# #######⌠.'..#####.#....#.#
######.#:..#..####....#[##.#
.......##..#...............#
..###...#[########....#...##
..# #...## ####.#...# ..# ##.##
#.#.###


You could see Amauri's ghost (toxic aura).

Vanquished Creatures
  3 royal mummies (Crypt:1)
  A shard shrike (IceCv)
  Boris (twice) (Vaults:1 Crypt:1)
  Nikola (Snake:4)
  Jory (Vaults:3)
  A bone dragon (Vaults:3)
  2 liches (Crypt:1)
  Mlioglotl (Snake:3)
  8 deep elf blademasters
  3 deep elf master archers
  A tentacled starspawn (Abyss:3)
  The ghost of Bolyar the Brawler, an adept TrDe of Okawaru (Orc:1)
  The ghost of NigelTetley the Severer, an adept MDFi of Zin (Elf:1)
  5 nagarajas
  3 thorn hunters
  A fire giant (D:10)
  Aizul (Snake:2)
  3 fenstrider witches (Swamp:3)
  6 deep elf sorcerers (Elf:3)
  An orc warlord (Orc:2)
  A frost giant (Vaults:2)
  7 vault wardens
  2 ghouls (Swamp:4)
  8 deep elf elementalists (Elf:3)
  3 formless jellyfish
  8 ironbound preservers
  3 ironbound thunderhulks
  5 deep elf demonologists
  5 eleionomae
  7 vampire knights (Crypt:1)
  9 deep elf death magi
  9 bunyips
  8 dire elephants
  7 deep elf annihilators
  A white draconian (IceCv)
  Azrael (Snake:1)
  4 eidola (Crypt:1)
  Josephine (D:12)
  3 fire dragons
  5 yaktaur captains
  2 jiangshi
  2 mummy priests (Crypt:1)
  A shambling mangrove (Swamp:4)
  2 entropy weavers (Vaults:1)
  4 deep elf high priests (Elf:3)
  8 vault guards
  20 hydras
  An ogre mage (D:14)
  Fannar (Lair:2)
  An ice dragon (Lair:5)
  3 salamander tyrants (Snake:4)
  A ghost crab (Swamp:4)
  8 ironbound frosthearts
  24 dancing weapons
  4 anacondas
  4 two-headed ogres
  5 boulder beetles
  2 catoblepae
  14 naga warriors
  3 tengu warriors (D:14)
  5 alligators
  19 centaur warriors
  A satyr (Abyss:3)
  7 shock serpents
  3 death yaks (Lair:3)
  A titan zombie (Abyss:3)
  8 thrashing horrors (Abyss:3)
  7 orc high priests
  6 vampire magi (Crypt:1)
  The ghost of YordlordTheGreat the Basher, a novice HuCA of Ignis (D:9)
  Urug (D:13)
  2 soul eaters
  12 naga sharpshooters
  Amaemon (Lair:2)
  A titan skeleton (Crypt:1)
  A skyshark (Lair:3)
  13 deep elf knights
  6 goliath frogs
  A wretched star (Abyss:3)
  4 skeletal warriors
  24 deep trolls
  3 salamander mystics
  5 arcanists
  9 sea snakes (Snake:3)
  3 naga ritualists
  12 swamp dragons
  A glowing orange brain (Abyss:3)
  An orange crystal statue (IceCv)
  4 spriggan druids
  5 deep elf archers
  6 lindwurms
  9 mana vipers
  A bog body (Swamp:1)
  7 orc knights
  3 harpies (Vaults:3)
  2 wolf spiders (Lair:5)
  22 deep elf pyromancers
  A tengu zombie (Vaults:3)
  4 phantasmal warriors (Crypt:1)
  8 starcursed masses
  8 ironbound convokers
  32 ugly things
  21 deep elf zephyrmancers
  A human zombie (Vaults:3)
  Maurice (D:7)
  A necromancer (Vaults:3)
  An orc sorcerer (Orc:2)
  4 will-o-the-wisps
  3 cyclopes
  3 manticores
  17 elephants
  7 salamanders
  A worldbinder (Abyss:3)
  A moth of wrath (Elf:1)
  2 apocalypse crabs (Abyss:3)
  A kobold blastminer (Orc:2)
  10 vault sentinels
  3 guardian serpents
  14 naga magi
  26 black mambas
  2 unseen horrors
  2 gargoyles (D:14)
  A cane toad (shapeshifter) (Elf:1)
  3 smoke demons
  6 torpor snails (Lair:5)
  2 orange demons
  Maggie (Lair:2)
  8 cane toads
  A green draconian zombie (Crypt:1)
  16 rime drakes
  24 yaktaurs
  4 freezing wraiths
  2 tengu conjurers (D:14)
  2 efreet
  8 komodo dragons
  A komodo dragon (shapeshifter) (Abyss:3)
  An ancient zyme (Abyss:3)
  A hellwing (D:9)
  6 trolls
  A tarantella (Vaults:1)
  A bloated husk (Swamp:1)
  A queen bee (shapeshifter) (D:14)
  A troll (shapeshifter) (Elf:1)
  25 hornets
  15 tyrant leeches
  21 polar bears
  A moth of wrath zombie (Crypt:1)
  9 blink frogs
  25 slime creatures
  2 air elementals
  41 yaks
  2 water elementals
  A yak (shapeshifter) (D:14)
  A vampire (D:9)
  8 wraiths
  17 spriggans
  A human (Swamp:3)
  16 wyverns
  10 fire elementals
  2 neqoxecs
  A warg (Orc:2)
  7 redbacks
  2 basilisks
  9 vampire mosquitoes
  A chaos spawn (D:9)
  44 nagas
  17 swamp worms
  A small abomination (Abyss:3)
  2 acid dragons (D:10)
  3 hell hounds (Snake:1)
  4 sky beasts
  Pargi (Sewer)
  17 water moccasins
  4 swamp drakes
  35 orc warriors
  A black bear (D:7)
  An ettin simulacrum (Vaults:3)
  An ogre (shapeshifter) (D:14)
  26 wolves
  5 ogres
  A swamp dragon skeleton (Crypt:1)
  6 centaurs
  2 kobold brigands (D:9)
  A brain worm (Sewer)
  11 bullfrogs
  2 gnoll sergeants
  3 earth elementals (Elf:2)
  A human skeleton (Vaults:3)
  4 scorpions
  10 wights
  20 killer bees
  4 howler monkeys
  A wolf zombie (Crypt:1)
  3 electric eels (D:10)
  3 hounds
  3 quasits (D:9)
  7 orc priests
  2 bombardier beetles
  A gnoll bouda (D:8)
  2 jellies (Lair:5)
  A sleepcap (D:7)
  9 iguanas
  17 orc wizards
  5 hell rats (Lair:3)
  Robin (D:4)
  9 adders
  12 gnolls
  2 river rats (D:5)
  A swamp drake skeleton (Crypt:1)
  2 shadow imps (D:7)
  A white imp (D:7)
  2 ufetubi (D:6)
  3 ribbon worms
  85 orcs
  3 ball pythons
  10 endoplasms
  9 giant cockroaches
  18 goblins
  8 hobgoblins
  6 quokkas
  7 bats
  2 frilled lizards (D:1)
  16 kobolds
  6 rats
  A lurking horror (Abyss:3)
  A starspawn tentacle (Abyss:3)
1438 creatures vanquished.

Vanquished Creatures (others)
  2 ancient liches (Crypt:1)
  Donald (Swamp:1)
  A fire giant (Vaults:2)
  A deep elf elementalist (Elf:3)
  A deep elf annihilator (Elf:3)
  A dire elephant (Vaults:1)
  A jiangshi (Vaults:3)
  A ghost crab (Swamp:3)
  An anaconda (Snake:1)
  2 dancing weapons (Elf:2)
  A swamp dragon (Swamp:4)
  A deep elf pyromancer (Elf:2)
  A black mamba (Snake:4)
  A yaktaur (Vaults:3)
  A tyrant leech (Lair:5)
  A wyvern (shapeshifter) (D:14)
  A wyvern (Lair:5)
  A golden eye (shapeshifter) (D:13)
  2 swamp drakes (Swamp:4)
  A sky beast (D:8)
  A hell rat (Lair:3)
  2 orcs (Elf:3)
  A bat skeleton (Crypt:1)
  14 foxfires
  A starspawn tentacle (Abyss:3)
42 creatures vanquished.

Grand Total: 1480 creatures vanquished

Notes
Turn   | Place    | Note
-------+----------+-------------------------------------------
     0 | D:1      | hunmd the Coglin Gladiator began the quest for the Orb.
     0 | D:1      | Reached XP level 1. HP: 16/16 MP: 1/1
    94 | D:1      | Reached XP level 2. HP: 23/23 MP: 2/2
   172 | D:1      | Reached skill level 3 in Fighting
   252 | D:1      | Reached XP level 3. HP: 29/29 MP: 3/3
   808 | D:2      | Reached skill level 4 in Fighting
   811 | D:2      | Reached XP level 4. HP: 37/37 MP: 4/4
  1168 | D:3      | Found a sacrificial altar of Ru.
  1184 | D:3      | Became a worshipper of Ru the Awakened
  1289 | D:3      | Found a blossoming altar of Fedhas.
  1346 | D:3      | Reached skill level 1 in Stealth
  1405 | D:3      | Found Goff's Antique Weapon Boutique.
  1415 | D:3      | Bought a long sword for 80 gold pieces
  1481 | D:3      | Reached XP level 5. HP: 43/43 MP: 5/5
  1947 | D:3      | Found a hazy altar of Hepliaklqana.
  1967 | D:3      | Found a shimmering altar of Xom.
  1983 | D:3      | Found a snail-covered altar of Cheibriados.
  2008 | D:4      | Reached skill level 5 in Fighting
  2311 | D:4      | Reached XP level 6. HP: 41/52 MP: 6/6
  2482 | D:4      | Noticed Robin
  2496 | D:4      | Gained mutation: You are slightly weak-willed. (Will-) [Ru
                  | sacrifice]
  2496 | D:4      | Reached * piety under Ru
  2500 | D:4      | Killed Robin
  2501 | D:4      | Reached skill level 6 in Fighting
  2921 | D:4      | Reached skill level 7 in Fighting
  2921 | D:4      | Reached XP level 7. HP: 23/59 MP: 7/7
  3383 | D:5      | Entered Level 5 of the Dungeon
  3391 | D:5      | Reached skill level 5 in Long Blades
  3498 | D:5      | Reached XP level 8. HP: 66/67 MP: 8/8
  3783 | D:5      | Found a glowing drain.
  3787 | Sewer    | Entered a sewer
  3821 | Sewer    | Noticed Pargi
  3828 | Sewer    | Killed Pargi
  3853 | Sewer    | Identified the amulet "Ufasch" {Reflect *Corrode *Slow
                  | rElec rF+++ SH+5}
  3954 | D:5      | Found a sparkling altar of Nemelex Xobeh.
  4450 | D:6      | Found a stormy altar of Qazlal.
  4804 | D:7      | Found a staircase to the Ecumenical Temple.
  4823 | D:7      | Gained mutation: You cannot be stealthy. [Ru sacrifice]
  4823 | D:7      | Reached ** piety under Ru
  4855 | D:7      | Reached XP level 9. HP: 72/72 MP: 9/9
  4895 | D:7      | Found Xudust's Armour Shop.
  4911 | D:7      | Bought a +1 pair of gloves of infusion for 198 gold pieces
  5140 | D:7      | Noticed Maurice
  5156 | D:7      | Killed Maurice
  5157 | D:7      | Reached skill level 10 in Long Blades
  5268 | D:7      | Found Sobiseuq's Overcharged Wands.
  5398 | D:7      | Found a runed translucent door.
  5398 | D:7      | Found a shimmering altar of Xom.
  5398 | D:7      | Noticed voshxx's ghost (novice MDFE)
  5398 | D:7      | Noticed a +0 trident of chaos
  5951 | D:8      | Reached skill level 8 in Fighting
  5964 | D:8      | Noticed an elephant
  6001 | D:7      | Reached XP level 10. HP: 76/82 MP: 10/10
  6008 | D:7      | Killed an elephant
  6009 | D:7      | Reached skill level 9 in Fighting
  6239 | D:8      | Found a staircase to the Lair.
  6244 | D:8      | Reached skill level 10 in Fighting
  6517 | D:9      | Found a runed translucent door.
  6517 | D:9      | Noticed a two-headed ogre
  6521 | D:9      | Killed a two-headed ogre
  6522 | D:9      | Gained mutation: You are weak. (Str -2) [Ru sacrifice]
  6580 | D:9      | Noticed YordlordTheGreat's ghost (novice HuCA)
  6591 | D:9      | Reached skill level 5 in Dodging
  6730 | D:9      | Reached XP level 11. HP: 71/90 MP: 11/11
  6913 | D:9      | Noticed a two-headed ogre
  6913 | D:9      | Noticed a soul eater
  6947 | D:9      | Killed a two-headed ogre
  6992 | D:9      | HP: 3/84 [soul eater (20)]
  6994 | D:9      | Killed a soul eater
  7054 | D:10     | Entered Level 10 of the Dungeon
  7251 | D:9      | Noticed a lindwurm
  7251 | D:9      | Noticed a lindwurm
  7260 | D:9      | Noticed a lindwurm
  7262 | D:9      | Noticed a lindwurm
  7341 | D:9      | Killed YordlordTheGreat's ghost
  7416 | D:9      | Noticed a two-headed ogre
  7436 | D:9      | Killed a two-headed ogre
  7437 | D:9      | Reached skill level 10 in Dodging
  7848 | D:10     | Found a glowing golden altar of the Shining One.
  8016 | D:10     | Identified the ring of Henotheism {Will+ rCorr}
  8190 | D:10     | Noticed a centaur warrior
  8190 | D:10     | Noticed a six-headed hydra
  8190 | D:10     | Noticed a deep elf pyromancer
  8197 | D:11     | Found Dostrupp's Armour Shop.
  8198 | D:11     | Found a staircase to the Orcish Mines.
  8203 | D:11     | Noticed a manticore
  8218 | D:11     | Killed a manticore
  8230 | D:11     | Reached XP level 12. HP: 96/97 MP: 12/12
  8236 | D:11     | Found Hotzab's Weapon Shop.
  8634 | D:11     | Gained mutation: You are hated by all. [Ru sacrifice]
  8634 | D:11     | Reached *** piety under Ru
  8634 | D:11     | Reached **** piety under Ru
  8891 | D:12     | Noticed a boulder beetle
  8892 | D:12     | Noticed a two-headed ogre
  8912 | D:11     | Killed a boulder beetle
  8932 | D:12     | Killed a two-headed ogre
  8979 | D:12     | Found Seapn's Assorted Antiques.
  9009 | D:12     | Noticed a boulder beetle
  9027 | D:12     | Killed a boulder beetle
  9376 | D:12     | Reached skill level 1 in Armour
  9757 | D:13     | Noticed a four-headed hydra
  9861 | D:13     | Noticed a centaur warrior
  9897 | D:13     | Noticed Josephine
  9909 | D:12     | Killed Josephine
  9951 | D:13     | Noticed a centaur warrior
  9981 | D:12     | Killed a centaur warrior
  9982 | D:12     | Reached skill level 5 in Armour
 10072 | D:13     | Killed a 15-headed hydra
 10190 | D:13     | Identified the +4 scale mail of the Comet {rC+}
 10212 | D:13     | Noticed Urug
 10223 | D:13     | Noticed a catoblepas
 10226 | D:13     | Killed Urug
 10233 | D:13     | Killed a catoblepas
 10234 | D:13     | Reached XP level 13. HP: 103/103 MP: 1/13
 11262 | D:13     | You fall into a shaft and drop 2 floors!
 11262 | D:15     | Entered Level 15 of the Dungeon
 11605 | D:13     | Noticed a vault guard
 11621 | D:13     | Killed a vault guard
 11736 | D:13     | Found a gate to the Vaults.
 11991 | D:14     | Noticed a fire dragon
 12003 | D:14     | Gained mutation: You cannot study or cast Earth magic. [Ru
                  | sacrifice]
 12003 | D:14     | Gained mutation: You cannot study or cast Hexes magic. [Ru
                  | sacrifice]
 12003 | D:14     | Gained mutation: You cannot study or cast Translocations
                  | magic. [Ru sacrifice]
 12003 | D:14     | Reached ***** piety under Ru
 12018 | D:14     | Killed a fire dragon
 12349 | D:14     | Reached XP level 14. HP: 80/108 MP: 5/14
 12755 | D:14     | Identified the +1 cloak "Wetiver" {rElec Str-5 Dex+5}
 12795 | D:14     | Got the Tome of the Dozen Geomancers
 13001 | D:14     | Found a radiant altar of Vehumet.
 13400 | D:15     | Found a staircase to the Depths.
 13400 | D:15     | Noticed a stone giant
 13420 | D:15     | Reached skill level 11 in Fighting
 13630 | Orc:1    | Entered Level 1 of the Orcish Mines
 13630 | Orc:1    | Found Jisoimn's Distillery.
 13897 | Orc:1    | Found a radiant altar of Vehumet.
 14039 | Orc:2    | Entered Level 2 of the Orcish Mines
 14150 | Orc:2    | Found Gygritob's Antique Weapon Emporium.
 14196 | Orc:2    | Found Xarutt's General Store.
 14282 | Orc:2    | Reached skill level 12 in Fighting
 14294 | Orc:2    | Found a staircase to the Elven Halls.
 14295 | Orc:2    | Gained mutation: You occasionally lose the ability to drink
                  | potions when taking damage. [Ru sacrifice]
 14295 | Orc:2    | Gained mutation: You sometimes lose the ability to drink
                  | potions when taking damage. [Ru sacrifice]
 14295 | Orc:2    | Reached ****** piety under Ru
 14406 | Orc:2    | Bought a scroll of fear for 60 gold pieces
 14406 | Orc:2    | Bought a scroll of teleportation for 45 gold pieces
 14406 | Orc:2    | Bought a scroll of revelation for 112 gold pieces
 14411 | Orc:2    | Noticed an orc warlord
 14452 | Orc:2    | Killed an orc warlord
 14614 | Orc:2    | Found a burning altar of Makhleb.
 14643 | Orc:2    | Found Hasecs's Jewellery Shop.
 14662 | Orc:2    | Found Selailam's Antique Armour Shop.
 14713 | Orc:2    | Bought a glowing cloak for 247 gold pieces
 14713 | Orc:2    | Bought a glowing helmet for 247 gold pieces
 14713 | Orc:2    | Bought a twisted scale mail for 297 gold pieces
 14713 | Orc:2    | Identified the +0 scale mail of Midnight {SInv} (You bought
                  | it in a shop on level 2 of the Orcish Mines)
 14917 | Orc:1    | Found a runed translucent gate.
 14917 | Orc:1    | Found a runed translucent gate.
 14917 | Orc:1    | Found a runed translucent gate.
 14977 | Orc:1    | Noticed Bolyar's ghost (adept TrDe)
 14979 | Orc:1    | Identified the +0 plate armour of the Lotus Blossom {Will+}
 14982 | Orc:1    | Identified the +1 glaive of Balance {heavy, rPois Will+}
 14985 | Orc:1    | Identified the ring "Taag" {rElec rF+}
 15102 | Orc:2    | Reached skill level 13 in Fighting
 15274 | Orc:1    | Killed Bolyar's ghost
 15349 | Orc:1    | Identified the scarf of the Arena {+Inv, Harm rC+}
 15448 | D:10     | Noticed a fire giant
 15463 | D:10     | Killed a fire giant
 15464 | D:10     | Reached skill level 14 in Fighting
 15809 | Lair:1   | Entered Level 1 of the Lair of Beasts
 15866 | Lair:1   | Reached XP level 15. HP: 127/127 MP: 15/15
 16570 | Lair:2   | Found a staircase to the Snake Pit.
 16600 | Lair:2   | Noticed Amaemon
 16612 | Lair:2   | Killed Amaemon
 16763 | Lair:2   | Noticed Fannar
 16773 | Lair:2   | Killed Fannar
 16825 | Lair:2   | Reached skill level 15 in Fighting
 16829 | Lair:2   | Noticed Maggie
 16835 | Lair:2   | Killed Maggie
 17469 | Lair:3   | Found a staircase to the Swamp.
 17654 | Lair:3   | Identified the +0 leather armour "Teubufik" {Fly rN++ Dex-3
                  | Stlth+}
 17712 | Lair:3   | Reached skill level 16 in Fighting
 19254 | Lair:5   | Entered Level 5 of the Lair of Beasts
 19256 | Lair:5   | Found a staircase to the Slime Pits.
 19398 | Lair:5   | Reached skill level 17 in Fighting
 19881 | Lair:5   | Reached XP level 16. HP: 143/143 MP: 16/16
 19901 | Lair:5   | Reached skill level 18 in Fighting
 20855 | Lair:5   | Identified the +0 ring mail of Edilorak {Rampage ^Drain rF+
                  | rN+ Will+}
 21015 | Snake:1  | Entered Level 1 of the Snake Pit
 21242 | Snake:1  | Noticed Azrael
 21255 | Snake:1  | Killed Azrael
 21692 | Snake:1  | Reached skill level 19 in Fighting
 22610 | Snake:2  | Found Alleoxkaof's General Store.
 22619 | Snake:2  | Bought 3 scrolls of enchant armour for 360 gold pieces
 22852 | Snake:2  | Identified the serpent talisman of Demonic Leaves {*Corrode
                  | rElec rF+ Int+3}
 22852 | Snake:2  | Noticed Aizul
 22867 | Snake:2  | Killed Aizul
 23112 | Snake:2  | Found Fintex's Book Boutique.
 23112 | Snake:2  | Found Kuyseegg's Jewellery Emporium.
 23114 | Snake:2  | Found Mozuet's Book Boutique.
 23740 | Snake:3  | Reached skill level 20 in Fighting
 23801 | Snake:3  | Noticed Mlioglotl
 23810 | Snake:3  | Killed Mlioglotl
 24133 | Snake:3  | Reached XP level 17. HP: 77/153 MP: 1/17
 24533 | Snake:4  | Entered Level 4 of the Snake Pit
 24562 | Snake:4  | Reached skill level 21 in Fighting
 24627 | Snake:4  | Noticed Nikola
 24637 | Snake:4  | Killed Nikola
 25161 | Snake:4  | Found Pos Veff's Neck Hole.
 25334 | Snake:4  | Reached skill level 15 in Long Blades
 26143 | Snake:4  | Got a serpentine rune of Zot
 26376 | Swamp:1  | Entered Level 1 of the Swamp
 26390 | Swamp:1  | Noticed Donald
 26402 | Swamp:1  | Killed Donald
 26733 | Swamp:1  | Reached XP level 18. HP: 135/161 MP: 18/18
 27181 | Swamp:2  | Found a glacial archway.
 27222 | IceCv    | Entered an ice cave
 27643 | IceCv    | Noticed a shard shrike
 27651 | IceCv    | Reached skill level 10 in Armour
 27659 | IceCv    | Killed a shard shrike
 28669 | Swamp:4  | Entered Level 4 of the Swamp
 28912 | Swamp:3  | Paralysed by a fenstrider witch for 2 turns
 28973 | Swamp:3  | Found a runed translucent door.
 29705 | Swamp:4  | Reached XP level 19. HP: 126/152 MP: 19/19
 29797 | Swamp:4  | Paralysed by a hornet for 1 turns
 30079 | Swamp:4  | Got a decaying rune of Zot
 30656 | Orc:2    | Bought shiny fire dragon scales for 2079 gold pieces
 30705 | Elf:1    | Entered Level 1 of the Elven Halls
 30707 | Elf:1    | Paralysed by an air elemental for 1 turns
 31221 | Elf:1    | Noticed NigelTetley's ghost (adept MDFi)
 31222 | Elf:1    | Found a bloodstained altar of Trog.
 31234 | Elf:1    | Found a transporter.
 31242 | Elf:1    | Found a transporter.
 31550 | Elf:1    | Reached skill level 15 in Dodging
 31742 | Elf:1    | Killed NigelTetley's ghost
 32567 | Elf:2    | Found a runed translucent gate.
 32592 | Elf:2    | Found a runed translucent gate.
 32596 | Elf:2    | Found a runed translucent gate.
 33130 | Elf:2    | Reached XP level 20. HP: 134/174 MP: 11/20
 33405 | Elf:3    | Entered Level 3 of the Elven Halls
 33464 | Elf:3    | Paralysed by an air elemental for 1 turns
 33900 | Elf:3    | Identified the ring of Tuist {rF++ rC+ Will+ rCorr Int-3}
 33912 | Abyss:3  | Cast into level 3 of the Abyss (a deep elf demonologist)
 33936 | Abyss:3  | Paralysed by an apocalypse crab for 1 turns
 33997 | Abyss:3  | Got an abyssal rune of Zot
 34077 | Elf:3    | Escaped the Abyss
 34260 | Elf:3    | Identified the +4 dagger "Ultimatum" {spect, Will- Str+3
                  | Int+5}
 34276 | Elf:3    | Identified the staff of Gyzat {rF+ rN+ Fire}
 34323 | Elf:3    | Identified the +1 flail "Dragonbane" {flame, ^Contam Will+
                  | Str+3}
 34323 | Elf:3    | Identified the +1 robe of the Lair of Beasts {Will+++ Int-4
                  | Dex+8 Slay-5}
 34460 | Elf:3    | Identified the ring of Raez {Ice Int+5 Dex-5}
 34547 | Elf:3    | Identified the +1 robe of Acwerphug {^Contam Str+6 Int+2}
 34586 | Elf:3    | Reached skill level 22 in Fighting
 34871 | Elf:3    | Identified the +5 sling of Umerhaih {drain, rF+ Dex+5}
 35214 | D:13     | Upgraded the game from 0.32-a0-418-g34023cf50c to
                  | 0.32-a0-427-g448f42529f
 35215 | Vaults:1 | Entered Level 1 of the Vaults
 35325 | Vaults:1 | Found Dilu's Antique Armour Boutique.
 35435 | Vaults:1 | Identified the staff "Ygiebi Noreng" {+Blink rPois rC+++
                  | rN+ Dex-5 Necro}
 35637 | Vaults:1 | Reached XP level 21. HP: 175/182 MP: 21/21
 35755 | Vaults:1 | Reached skill level 23 in Fighting
 36112 | Vaults:1 | Identified the +2 arbalest "Berghyby" {penet, rF- Will+
                  | Str+6}
 36504 | Vaults:1 | Identified the +4 robe of the Wasteland {rElec}
 36504 | Vaults:1 | Noticed Boris
 36523 | Vaults:1 | Killed Boris
 37301 | Vaults:2 | Reached skill level 24 in Fighting
 37764 | Vaults:2 | Found Namaotsaneuj's General Store.
 37770 | Vaults:2 | Bought a scroll of enchant armour for 112 gold pieces
 38457 | Vaults:3 | Noticed Jory
 38467 | Vaults:3 | Killed Jory
 38562 | Vaults:3 | Paralysed by a formless jellyfish for 1 turns
 38599 | Vaults:3 | Reached skill level 25 in Fighting
 38858 | Vaults:3 | Noticed a bone dragon
 38860 | Vaults:3 | Found a staircase to the Crypt.
 38865 | Vaults:3 | Killed a bone dragon
 38874 | Crypt:1  | Entered Level 1 of the Crypt
 38959 | Crypt:1  | Noticed a royal mummy
 38967 | Crypt:1  | Killed a royal mummy
 38967 | Crypt:1  | Noticed a royal mummy
 38968 | Crypt:1  | Reached XP level 22. HP: 179/206 MP: 22/22
 38980 | Crypt:1  | Killed a royal mummy
 38982 | Crypt:1  | Noticed a royal mummy
 38993 | Crypt:1  | Killed a royal mummy
 39083 | Crypt:1  | Found the +7 sceptre of Torment {pain, torment}
 39274 | Crypt:1  | Identified the +3 robe of the Sacrificial Victim {rC+
                  | Str+3}
 39274 | Crypt:1  | Noticed Boris
 39284 | Crypt:1  | Killed Boris
 39424 | Crypt:1  | Paralysed by something for 2 turns
 39472 | Crypt:1  | Paralysed by a vampire knight for 2 turns
 39583 | Crypt:1  | Found the +8 Vampire's Tooth {megavamp}
 39671 | Crypt:1  | Reached skill level 26 in Fighting
 39687 | Crypt:1  | Noticed Amauri's ghost (veteran OnAl)
 39688 | Crypt:1  | Found a runed translucent gate.
 39688 | Crypt:1  | Found an ancient bone altar of Kikubaaqudgha.
 39688 | Crypt:1  | Noticed an ancient lich
 39689 | Crypt:1  | Found a runed translucent gate.
 39689 | Crypt:1  | Noticed an ancient lich
 39690 | Crypt:1  | Found a runed translucent gate.
 39704 | Crypt:1  | Killed an ancient lich
 39704 | Crypt:1  | Killed an ancient lich
 39729 | Crypt:1  | Mangled by Amauri's ghost

Illustrated notes

Levels and vault maps discovered:
D:1:      dpeg_arrival_tiny_a, layout_rooms
D:2:      layout_basic
D:3:      layout_basic, nicolae_ru_path_of_blood,
          nicolae_overflow_quartered_altars, serial_shops,
          nicolae_shop_just_a_little_nook, dreamdust_princess_bridge,
          minmay_mini_jars
D:4:      layout_basic, eino_tiny_chamber, uniq_robin
D:5:      layout_rooms, mainiacjoe_overflow_surrounded_room,
          gup_sewer_entry_spiral
D:6:      layout_gridville, grunt_qazlal_clouds
D:7:      layout_basic, minmay_temple_entry_slanted, serial_shops, shop,
          ebering_ghost_xom, nicolae_shop_overcharged_wands, uniq_maurice
D:8:      layout_gridville, grunt_lair_entry_orc_guard_hut, serial_park_tiny_1
D:9:      layout_gridville, serial_demonic, serial_demonic_g, serial_demonic_d,
          serial_demonic_f, serial_demonic_a, ebering_ghost_reflecting_pool,
          minivault_14, st_stairs_13, minmay_lindwurm_lava
D:10:     minmay_shrinking_squares, layout_basic, nicolae_tso_swordbearing_angel
D:11:     layout_loops_ring, orc_david_3
D:12:     layout_loops_ring, serial_shops, shop
D:13:     layout_rooms, hellmonk_vaults_keyhole, kennysheep_generic_room_2,
          uniq_josephine, uniq_urug
D:14:     minmay_the_grid_3x2 [minmay_the_grid_box_x,
          minmay_the_grid_holed_spiral, minmay_the_grid_diamond_grid,
          minmay_the_grid_dragon_b, minmay_the_grid_small_cups,
          minmay_the_grid_prize_four_corners_diamond_b], layout_cave_pods,
          minmay_staircase_bubble, fiery_altar_vehumet
D:15:     grunt_enter_depths_giant_problem, layout_stronghold
Lair:1:   layout_chaotic_city, grunt_megastairs_3
Lair:2:   wander_river, layout_gridlike, guppyfry_snake_entry_garden,
          chequers_serial_rivers_small_a, uniq_amaemon, uniq_maggie, uniq_fannar
Lair:3:   layout_loops_ring, swamp_mist, wad_woods_01, grunt_megastairs_1
Lair:4:   layout_loops_ring
Lair:5:   wormcave, layout_layer_cave, hangedman_lair_tendril_chambers,
          minmay_slime_entry_pillars
Swamp:1:  layout_falls_marsh, evilmike_swamp_ruin_house_5, swamp_pool_1_2,
          uniq_donald
Swamp:2:  layout_basic_swamp, portal_ice_cave_entry_pillars_three,
          evilmike_swamp_ruin_house_3, swamp_pool_1_2, st_swamp_ruins_3,
          infiniplex_staircase_pool_2
Swamp:3:  layout_basic_swamp, nicolae_swamp_oxbows, nzn_swamp_weyward_sisters
Swamp:4:  swamp_alternative, layout_basic_swamp, swamp_pool_3
Snake:1:  layout_chambers, uniq_azrael
Snake:2:  layout_layer_cave, serial_shops, nicolae_shop_rolling_square,
          lemuel_fruit_tree, minmay_shop_grove, uniq_aizul
Snake:3:  layout_basic, uniq_mlioglotl
Snake:4:  minmay_snake_end_coiled, layout_chambers, grunt_ministairs_13,
          nicolae_shop_sticking_my_neck_out, uniq_nikola
Orc:1:    layout_caves, basic_altar, serial_shops, nicolae_shop_tiny_glass,
          biasface_ghost_orc_armoury, nicolae_orc_rockfall
Orc:2:    grunt_orc_gardens, layout_diamond_mine, grunt_orc_garden,
          grunt_orc_garden, grunt_orc_garden, grunt_orc_garden,
          nicolae_orc_sculptors_studio, nicolae_orc_flooded_monolith,
          bloody_makhleb
Elf:1:    nicolae_elf_arrival_aired_out, layout_onion_city,
          gammafunk_ghost_wrathful_warriors
Elf:2:    nicolae_elf_blades_splatter_lattice [mumra_blade_entry_bloodbath],
          layout_geoelf_grid, guppyfry_elf_garden
Elf:3:    nooodl_elf_gasket, layout_geoelf_diagonals
Vaults:1: v_alt_pattern_1, hangedman_vaults_unwind,
          nicolae_vaults_closet_pinwheel_6, hangedman_vaults_capsules,
          nicolae_vaults_storage_closets_2, ontoclasm_vaults_ring_large,
          nicolae_vaults_sightless_eye, hangedman_vaults_slice,
          layout_vaults_chaotic_city, serial_shops, nicolae_shop_rolling_square,
          uniq_boris
Vaults:2: nicolae_vaults_trapezoid_4, nicolae_vaults_lightning_bolt, v_misc_16,
          ontoclasm_vaults_hangar, v_misc_29, hangedman_vaults_stitches,
          nicolae_vaults_variable_pillar_hall, nicolae_vaults_circle_grid_a,
          v_misc_22, nicolae_vaults_little_squares_5, nicolae_vaults_two_Ls,
          nicolae_vaults_antechamber_and_loot_room, nicolae_vaults_cochlea,
          layout_vaults_ring, serial_shops, nicolae_shop_waterfront
Vaults:3: minmay_crypt_entry_nasty_monster, hangedman_vaults_pinch,
          vaults_room_door_hall, nicolae_vaults_trapezoid_2,
          nicolae_vaults_trapezoid_2, ontoclasm_vaults_gateway,
          vaults_standard_mumra_lines, nicolae_vaults_double_plus_2,
          layout_vaults_omnigrid, uniq_jory
Crypt:1:  minmay_guarded_unrand_sceptre_of_torment, layout_misc_corridors,
          gammafunk_ghost_crypt, minmay_guarded_unrand_vampires_tooth

Skill      XL: |  1  2  3  4  5  6  7  8  9 10 11 12 13 14 15 16 17 18 19 20 21 22 |
---------------+-------------------------------------------------------------------+-----
Fighting       | 3 4 5 7 8 10 14 17 20 21 22 25 26 | 26.2
Stealth        | 1 0 |  0.0
Long Blades    | 5 9 11 14 17 18 | 18.0
Dodging        | 7 11 13 16 18 | 18.0
Armour         | 6 9 13 | 13.2
Throwing       | |  1.7

Action                     |  1- 3 |  4- 6 |  7- 9 | 10-12 | 13-15 | 16-18 | 19-21 | 22-24 || total
---------------------------+-------+-------+-------+-------+-------+-------+-------+-------++-------
  Melee: Long sword        |    40 |   218 |   197 |   455 |   953 |   160 |       |       ||  2023
         Dagger            |    33 |    22 |       |       |       |       |       |       ||    55
         Scimitar          |       |       |   179 |   478 |   991 |  2003 |  1325 |    99 ||  5075
         Double sword      |       |       |       |       |       |       |   725 |   103 ||   828
  Throw: Throwing net      |       |       |       |     2 |       |       |       |       ||     2
 Invoke: Sacrifice Essence |       |     1 |       |       |       |       |       |       ||     1
         Sacrifice Stealth |       |       |     1 |       |       |       |       |       ||     1
         Sacrifice Purity  |       |       |       |     1 |       |       |       |       ||     1
         Sacrifice Love    |       |       |       |     1 |       |       |       |       ||     1
         Apocalypse        |       |       |       |       |     4 |    10 |     4 |     2 ||    20
         Power Leap        |       |       |       |       |     1 |       |       |       ||     1
         Sacrifice Arcana  |       |       |       |       |     1 |       |       |       ||     1
         Sacrifice Drink   |       |       |       |       |     1 |       |       |       ||     1
         Draw Out Power    |       |       |       |       |       |     1 |       |       ||     1
    Use: Potion            |       |     2 |     3 |     1 |     2 |     1 |     9 |     2 ||    20
         Scroll            |       |       |     1 |    11 |    10 |     5 |    21 |     2 ||    50
   Stab: Sleeping          |     1 |     3 |     6 |       |       |       |       |       ||    10
         Distracted        |       |     1 |       |     3 |     9 |     8 |     7 |     1 ||    29
         Invisible         |       |       |       |     6 |     7 |    22 |    11 |     2 ||    48
         Held in net/web   |       |       |       |     1 |       |       |       |       ||     1
         Paralysed         |       |       |       |       |    26 |    28 |     9 |     3 ||    66
 Armour: Leather armour    |    11 |    93 |    42 |       |       |       |       |       ||   146
         Troll leather arm |       |       |   107 |   311 |       |       |       |       ||   418
         Scale mail        |       |       |       |     8 |   584 |   695 |    78 |       ||  1365
         Fire dragon scale |       |       |       |       |       |       |   637 |    67 ||   704
  Dodge: Dodged            |    23 |    99 |   124 |   419 |   676 |   580 |   744 |    59 ||  2724

Table legend: (Time is in decaauts)
 A = Elapsed time spent in this place.
 B = Non-inter-level travel time spent in this place.
 C = Inter-level travel time spent in this place.
 D = Time resting spent in this place.
 E = Time spent auto-exploring this place.
 F = Levels seen in this place.
 G = Mean time per level.
                   A        B        C        D        E       F      G
               +--------+--------+--------+--------+--------+-----+--------+
         Total |  39136 |  35646 |   3490 |    861 |  26615 |  40 |  978.4 |
       Dungeon |  14143 |  12376 |   1767 |    148 |   9512 |  15 |  942.9 |
          Lair |   5295 |   4840 |    455 |     75 |   3861 |   5 | 1059.0 |
         Swamp |   3290 |   3078 |    212 |    183 |   2176 |   4 |  822.5 |
     Snake Pit |   5164 |   4927 |    237 |     28 |   3985 |   4 | 1291.0 |
  Orcish Mines |   1912 |   1605 |    307 |    236 |    880 |   2 |  956.0 |
   Elven Halls |   3985 |   3623 |    362 |     76 |   2508 |   3 | 1328.3 |
        Vaults |   3654 |   3552 |    102 |    115 |   2840 |   3 | 1218.0 |
         Crypt |    726 |    681 |     45 |      0 |    421 |   1 |  726.0 |
         Abyss |    180 |    180 |      0 |      0 |      6 |   1 |  180.0 |
         Sewer |     99 |     99 |      0 |      0 |     21 |   1 |   99.0 |
      Ice Cave |    683 |    683 |      0 |      0 |    403 |   1 |  683.0 |
               +--------+--------+--------+--------+--------+-----+--------+

Top non-repeatable levels by time:
    D:14: 1774 daAuts
  Lair:5: 1624 daAuts
 Snake:4: 1609 daAuts
    D:13: 1495 daAuts
   Elf:3: 1435 daAuts
Vaults:1: 1400 daAuts
 Snake:2: 1347 daAuts
   Elf:1: 1314 daAuts
     D:4: 1266 daAuts
    D:12: 1250 daAuts
   Elf:2: 1235 daAuts
 Snake:1: 1224 daAuts
 Swamp:3: 1191 daAuts
   Orc:2: 1172 daAuts
     D:9: 1158 daAuts
